Map: Habitation Station LE (Void)

Players

ByuN

  • Race: Terran Terran
  • Spawn Location: 11:00

INnoVation - Winner!

  • Race: Terran Terran
  • League: Grandmaster
  • Spawn Location: 1:00

VOD

Have the link to the VOD?

Description

Time

  • Played on: Dec. 2, 2016, 8 a.m.
  • Length: 13:51
Show
View Real Time Build Order
Export as new Build Order

ByuN Terran 

Build Orders: 1/1/1, Bio Tank, Banshee Rush 

Get SALT Encoding   

  12  0:00  SCV  
  13  0:12  SCV  
  14  0:17  Supply Depot  
  14  0:24  SCV  
  14  0:28  Refinery  
  15  0:39  SCV  
  16  0:43  Barracks  
  16  0:51  SCV  
  16  0:54  Refinery  
  17  1:03  SCV  
  18  1:15  SCV  
  19  1:30  Orbital Command, Reaper  
  20  1:33  Factory  
  20  1:43  Supply Depot  
  20  1:55  SCV  
  21  2:02  Marine  
  21  2:08  SCV  
  23  2:19  Starport  
  23  2:20  SCV, Marine  
  25  2:28  Supply Depot, Factory Tech Lab  
  25  2:32  SCV  
  26  2:38  Marine  
  28  2:44  SCV  
  28  2:55  Marine  
  28  2:56  SCV  
  30  2:58  Widow Mine  
  30  3:03  Banshee, Cloaking Field  
  30  3:05  Supply Depot  
  35  3:08  SCV  
  36  3:13  Marine  
  37  3:25  Command Center  
  37  3:27  SCV  
  37  3:30  Factory Reactor  
  37  3:32  Marine  
  38  3:42  SCV  
  38  3:46  Raven  
  41  3:48  Supply Depot  
  41  3:50  Marine  
  41  3:54  SCV  
  43  4:06  SCV  
  43  4:14  Factory Tech Lab  
  43  4:18  SCV  
  43  4:19  Marine x2  
  46  4:27  Supply Depot  
  46  4:29  Viking  
  47  4:36  Marine x2  
  48  4:43  Siege Tank  
  49  4:47  SCV, Supply Depot  
  50  4:59  SCV  
  50  5:10  Marine  
  50  5:11  SCV  
  56  5:18  Siege Tank  
  59  5:23  SCV  
  59  5:24  Orbital Command  
  59  5:28  Marine, Viking  
  57  5:31  Viking  
  60  5:35  SCV  
  61  5:46  Marine  
  61  5:48  SCV  
  63  5:58  Viking  
  63  5:59  SCV  
  63  6:00  SCV  
  63  6:01  Refinery  
  63  6:02  Viking  
  63  6:04  Marine  
  66  6:06  Siege Tank  
  66  6:11  SCV  
  71  6:12  SCV  
  71  6:17  Stimpack  
  72  6:22  Supply Depot, Marine  
  72  6:23  SCV  
  72  6:24  SCV  
  75  6:35  SCV  
  75  6:36  SCV  
  75  6:38  Siege Tank  
  79  6:45  Marine, Viking  
  81  6:47  SCV  
  81  6:48  SCV, Command Center  
  76  6:59  SCV, Viking  
  76  7:00  SCV  
  78  7:03  Marine  
  79  7:10  Barracks x2  
  79  7:11  SCV  
  79  7:12  SCV  
  81  7:19  Viking  
  81  7:21  Marine  
  84  7:23  SCV  
  84  7:24  SCV  
  84  7:25  Siege Tank  
  84  7:28  Refinery  
  89  7:33  Engineering Bay  
  89  7:34  Engineering Bay  
  89  7:35  SCV  
  90  7:39  Marine, Viking  
  93  7:49  Viking  
  94  7:51  SCV  
  94  7:56  SCV, Supply Depot  
  94  7:57  Barracks Reactor x2, Marine  
  94  7:58  Supply Depot  
  96  8:07  Siege Tank  
  96  8:12  Viking  
  101  8:14  Marine  
  102  8:23  Terran Infantry Weapons Level 1  
  101  8:32  Marine  
  88  8:39  Siege Tank  
  88  8:40  SCV x2  
  88  8:41  Viking  
  90  8:44  Orbital Command  
  90  8:46  Marine x3, Refinery  
  90  8:47  Marine, Refinery  
  92  8:50  Marine  
  92  8:51  Terran Infantry Armor Level 1  
  93  8:58  SCV  
  93  9:02  Barracks  
  94  9:03  Barracks  
  94  9:04  Medivac  
  94  9:05  Combat Shields  
  94  9:06  Marine  
  94  9:08  SCV, Marine  
  99  9:10  SCV, Marine  
  99  9:11  Marine  
  99  9:13  SCV  
  103  9:22  Medivac  
  103  9:23  Marine  
  106  9:24  Marine  
  106  9:26  Marine  
  106  9:28  Marine  
  106  9:29  Marine  
  110  9:33  Armory  
  110  9:34  Medivac  
  112  9:38  Sensor Tower  
  112  9:41  Marine  
  112  9:42  Marine  
  112  9:44  Marine  
  115  9:46  Marine  
  115  9:47  Siege Tank, Marine  
  115  9:52  Barracks Reactor, Medivac  
  122  9:55  Barracks Reactor  
  122  9:56  Missile Turret  
  122  9:57  Missile Turret  
  122  9:59  Marine x2  
  123  10:01  Marine  
  123  10:03  SCV x3  
  128  10:08  Factory  
  128  10:10  Sensor Tower  
  128  10:13  Marine  
  128  10:14  Marine  
  128  10:17  Marine x2  
  128  10:19  Marine  
  130  10:26  Terran Infantry Weapons Level 2  
  130  10:31  Marine  
  130  10:32  Marine  
  130  10:34  Marine  
  133  10:37  Marine x2, Sensor Tower  
  133  10:38  Marine x2  
  133  10:39  Marine, Medivac x2  
  135  10:43  SCV x3  
  138  10:55  Terran Infantry Armor Level 2  
  140  11:03  Marine x2  
  141  11:06  Marine x3, Factory Tech Lab  
  141  11:09  Supply Depot  
  141  11:11  Marine x2  
  143  11:12  Marine  
  143  11:13  Liberator, Marine  
  145  11:21  Marine  
  145  11:25  Marine x3  
  147  11:30  Marine x3  
  147  11:32  Supply Depot  
  155  11:33  Marine  
  155  11:34  Marine  
  155  11:38  Liberator  
  156  11:48  Marine  
  156  11:54  Siege Tank, Marine x3  
  163  11:57  Siege Tank  
  163  11:58  Marine x2  
  154  12:09  Marine x2  
  154  12:10  Marine x2  
  154  12:11  Marine x2  
  154  12:12  Marine  
  160  12:15  Marine  
  160  12:17  Marine  
  143  12:26  Liberator x2  
  143  12:27  Marine x4  
  143  12:29  Marine  
  148  12:58  Marine x2  
  144  12:59  Marine x4  
  149  13:06  Marine  
  149  13:07  Marine  
  149  13:11  Marine  
  126  13:15  Factory Tech Lab  
  126  13:16  Marine x2  
  118  13:20  Marine x4  
  118  13:24  Marine  
  118  13:25  Marine  
  106  13:29  Marine  
  106  13:33  Marine  
Show
View Real Time Build Order
Export as new Build Order

INnoVation Terran - Winner!

Build Orders: 1/1/1, Bio Tank, Banshee Rush 

Get SALT Encoding   

  12  0:00  SCV  
  13  0:12  SCV  
  14  0:17  Supply Depot  
  14  0:24  SCV  
  14  0:27  Refinery  
  15  0:38  SCV  
  16  0:44  Barracks  
  16  0:50  SCV  
  16  0:54  Refinery  
  17  1:02  SCV  
  18  1:14  SCV  
  19  1:30  Orbital Command  
  19  1:32  Factory  
  19  1:40  Reaper  
  20  1:49  Supply Depot  
  20  1:56  SCV  
  21  2:08  SCV  
  22  2:12  Marine  
  23  2:16  Starport, Factory Tech Lab  
  23  2:20  SCV  
  24  2:24  Supply Depot  
  24  2:30  Marine  
  24  2:32  SCV  
  26  2:45  Widow Mine  
  26  2:46  SCV  
  26  2:49  Marine  
  30  2:58  Cloaking Field  
  30  2:59  Banshee  
  30  3:00  SCV  
  30  3:01  Supply Depot  
  34  3:07  Marine  
  34  3:12  SCV  
  36  3:15  Factory Reactor  
  35  3:24  SCV  
  35  3:25  Marine  
  37  3:35  Command Center  
  37  3:42  Raven  
  37  3:43  SCV  
  40  3:50  Supply Depot  
  40  3:54  Marine x2  
  42  3:56  SCV  
  42  3:59  Factory Tech Lab  
  43  4:09  SCV  
  44  4:12  Marine x2  
  46  4:18  Siege Tank  
  46  4:21  SCV  
  50  4:31  Marine x2  
  49  4:33  SCV  
  52  4:48  SCV, Orbital Command  
  53  4:57  Viking  
  53  4:58  Viking  
  54  5:00  SCV  
  54  5:03  Siege Tank  
  58  5:12  SCV  
  59  5:15  Orbital Command  
  59  5:17  Marine  
  59  5:21  Supply Depot  
  60  5:27  Viking  
  60  5:28  Viking  
  64  5:31  SCV  
  65  5:36  Marine  
  65  5:38  Stimpack  
  65  5:41  SCV  
  67  5:43  SCV  
  67  5:44  Supply Depot  
  66  5:53  SCV  
  66  5:55  SCV  
  64  5:58  Viking  
  64  6:02  Viking  
  68  6:05  SCV, Marine  
  68  6:06  Supply Depot  
  68  6:08  SCV  
  71  6:18  SCV  
  72  6:20  SCV, Command Center  
  73  6:28  Viking  
  73  6:32  SCV x2, Viking  
  79  6:37  Marine, Refinery  
  79  6:38  Refinery  
  79  6:44  Liberator, SCV  
  79  6:45  SCV  
  75  6:57  SCV x2  
  75  6:58  Marine  
  81  7:09  SCV  
  81  7:10  SCV, Barracks  
  81  7:11  Barracks  
  83  7:15  Siege Tank  
  83  7:16  Marine  
  83  7:20  Engineering Bay  
  83  7:21  SCV  
  83  7:22  Engineering Bay, SCV  
  88  7:23  Viking  
  90  7:33  Orbital Command  
  90  7:34  SCV x2  
  92  7:46  SCV x2  
  92  7:47  Barracks x2  
  94  7:51  Combat Shields  
  94  7:52  Marine  
  94  7:54  Terran Infantry Weapons Level 1  
  94  7:55  Terran Infantry Armor Level 1  
  95  8:01  Siege Tank  
  95  8:03  SCV x3  
  101  8:09  Barracks Reactor  
  101  8:10  Barracks Reactor, Marine  
  102  8:15  SCV x2  
  104  8:22  SCV  
  104  8:25  Refinery  
  104  8:26  Supply Depot, Refinery  
  103  8:27  SCV x2  
  103  8:28  Supply Depot  
  103  8:34  SCV  
  100  8:38  Siege Tank  
  100  8:39  SCV x2, Barracks Reactor  
  100  8:40  Barracks Reactor, Marine  
  100  8:46  SCV  
  75  8:48  Medivac  
  96  8:49  Medivac  
  96  8:51  SCV  
  96  8:52  SCV  
  96  8:54  Marine x4  
  106  8:58  SCV, Marine  
  108  9:03  SCV  
  108  9:04  SCV  
  108  9:07  Missile Turret x2  
  110  9:10  Siege Tank  
  110  9:12  Marine x4  
  110  9:16  Supply Depot, Marine x2  
  119  9:17  Marine x3, Armory  
  119  9:20  Medivac  
  124  9:29  Marine  
  125  9:35  Supply Depot, Factory  
  125  9:38  Marine x6, Medivac  
  133  9:44  Supply Depot  
  133  9:45  Marine x2, Sensor Tower  
  132  9:47  Marine  
  133  9:56  Supply Depot  
  133  9:57  Siege Tank, Marine x3, Medivac  
  141  10:01  Command Center  
  141  10:03  Missile Turret  
  141  10:05  Marine  
  142  10:09  Terran Infantry Armor Level 2, Terran Infantry Weapons Level 2  
  142  10:14  Marine x5  
  143  10:19  Factory Tech Lab  
  147  10:27  Terran Vehicle Weapons Level 1, Medivac x2  
  151  10:30  Marine x4  
  151  10:31  Marine  
  151  10:32  Marine  
  156  10:36  Marine  
  157  10:45  Marine  
  157  10:50  Supply Depot  
  157  10:52  Siege Tank x2, Marine x2  
  157  10:54  Supply Depot  
  157  10:55  Marine  
  157  10:56  Marine  
  164  11:05  Marine  
  165  11:12  Marine x2, Medivac x2, Planetary Fortress  
  165  11:15  Missile Turret  
  169  11:19  Marine x4  
  169  11:20  Marine x2  
  175  11:28  Siege Tank x2  
  175  11:31  Marine  
  175  11:32  Marine x2  
  182  11:50  Medivac x2  
  182  11:51  Marine x2  
  182  11:52  Marine x4  
  192  12:00  Siege Tank x2  
  190  12:04  Marine x3  
  191  12:09  Marine x3  
  189  12:20  Marine  
  169  12:28  Viking x2  
  171  12:31  Marine  
  171  12:32  Marine x7  
  171  12:33  Barracks x2  
  179  12:38  Marine  
  180  12:53  Siege Tank  
  180  12:56  Marine x8  
  180  12:58  Marine  
  186  13:05  Siege Tank  
  177  13:14  Marine x6  
  177  13:19  Medivac x2  
  184  13:20  Marine x3  
  184  13:26  Barracks Reactor x2  
  169  13:32  Marine x2  
Tags
 
Add a new tag
Caveats
  • Supply blocks, unpowered buildings, or Contaminate may cause inaccurate times.
  • Supply counts are checked every 10 seconds.